TOP OF THE 1ST |
---|
Beaumont Roughnecks batting - Pitching for Wichita Wranglers : LHP António Ruíz | Pitching: LHP António Ruíz | | Batting: RHB John James | 0-0: Ball 1-0: Called Strike 1-1: DOUBLE (Flyball, 89D) | Batting: RHB Michael Kent | 0-0: Ball John James steals 3rd base 1-0: Ball 2-0: Foul Ball, location: 2F 2-1: Ball 3-1: Base on Balls | Batting: RHB Roger Rush | 0-0: Swinging Strike 0-1: Ball 1-1: Called Strike 1-2: Strikes out looking | Batting: RHB Si-xun Li | 0-0: Called Strike 0-1: Called Strike 0-2: Grounds into double play, 6-4-3 (Groundball, 6) | Top of the 1st over - 0 runs, 1 hit, 0 errors, 1 left on base; Beaumont 0 - Wichita 0 | BOTTOM OF THE 1ST |
---|
Wichita Wranglers batting - Pitching for Beaumont Roughnecks : LHP Manuel Santiago | Pitching: LHP Manuel Santiago | | Batting: RHB Travis Ezell | 0-0: Ball 1-0: Ball 2-0: Ball 3-0: Called Strike 3-1: SINGLE (Groundball, 6MD) | Batting: LHB Dudley Cooper | 0-0: Called Strike 0-1: Ball 1-1: Swinging Strike Balk! Travis Ezell to second 1-2: Ground out 4-3 (Groundball, 4) Travis Ezell to third | Batting: RHB Jorge Barbosa | 0-0: Ball 1-0: Ground out 5-3 (Groundball, 56) Travis Ezell scores | Batting: LHB Milo Powers | 0-0: Foul Ball, location: 2F 0-1: Called Strike 0-2: Ball 1-2: Ball 2-2: Ball 3-2: Foul Ball, location: 2F 3-2: Base on Balls | Batting: RHB José López | 0-0: Ball 1-0: Fly out, F9 (Flyball, 9) | Bottom of the 1st over - 1 run, 1 hit, 0 errors, 1 left on base; Beaumont 0 - Wichita 1 | TOP OF THE 2ND |
---|
Beaumont Roughnecks batting - Pitching for Wichita Wranglers : LHP António Ruíz | Batting: LHB Enrique Cruz | 0-0: Ball 1-0: DOUBLE (Groundball, 5D) | Batting: RHB Darwin Crane | 0-0: Called Strike 0-1: Ball 1-1: Ball 2-1: Ground out 5-3 (Groundball, 5) | Batting: RHB António Aguilar | 0-0: Called Strike 0-1: Called Strike 0-2: Fly out, F3 (Line Drive, 3) | Batting: RHB Miguel Costa | 0-0: Ball 1-0: Foul Ball, location: 2F 1-1: Swinging Strike 1-2: Ball 2-2: Fly out, F7 (Flyball, 7) | Top of the 2nd over - 0 runs, 1 hit, 0 errors, 1 left on base; Beaumont 0 - Wichita 1 | BOTTOM OF THE 2ND |
---|
Wichita Wranglers batting - Pitching for Beaumont Roughnecks : LHP Manuel Santiago | Batting: LHB Glenn Williamson | 0-0: Ground out 4-3 (Groundball, 4) | Batting: RHB Stan Taylor | 0-0: Called Strike 0-1: Ball 1-1: Fly out, F4 (Line Drive, 4) | Batting: RHB Hubert MacDonald | 0-0: Called Strike 0-1: Swinging Strike 0-2: Ball 1-2: Strikes out looking | Bottom of the 2nd over - 0 runs, 0 hits, 0 errors, 0 left on base; Beaumont 0 - Wichita 1 | TOP OF THE 3RD |
---|
Beaumont Roughnecks batting - Pitching for Wichita Wranglers : LHP António Ruíz | Batting: SHB Walton Locke | 0-0: Ball 1-0: Ball 2-0: Ball 3-0: Called Strike 3-1: Foul Ball, location: 2F 3-2: Foul Ball, location: 2F 3-2: Ground out 3-1 (Groundball, 34) | Batting: RHB John James | 0-0: Foul Ball, location: 2F 0-1: Ball 1-1: SINGLE (Groundball, 56S) (infield hit) | Batting: RHB Michael Kent | 0-0: Ball 1-0: Ball John James steals 2nd base 2-0: Foul Ball, location: 2F 2-1: Ball 3-1: Ground out U3 (Groundball, 3S) John James to third | Batting: RHB Roger Rush | 0-0: Called Strike 0-1: Ball 1-1: Called Strike 1-2: Strikes out looking | Top of the 3rd over - 0 runs, 1 hit, 0 errors, 1 left on base; Beaumont 0 - Wichita 1 | BOTTOM OF THE 3RD |
---|
Wichita Wranglers batting - Pitching for Beaumont Roughnecks : LHP Manuel Santiago | Batting: SHB Lewis Woods | 0-0: Ball 1-0: Swinging Strike 1-1: Foul Ball, location: 2F 1-2: Ground out 4-3 (Groundball, 4MS) | Batting: RHB Travis Ezell | 0-0: Ground out 1-3 (Groundball, 15) | Batting: LHB Dudley Cooper | 0-0: Ground out 4-3 (Groundball, 4) | Bottom of the 3rd over - 0 runs, 0 hits, 0 errors, 0 left on base; Beaumont 0 - Wichita 1 | TOP OF THE 4TH |
---|
Beaumont Roughnecks batting - Pitching for Wichita Wranglers : LHP António Ruíz | Batting: RHB Si-xun Li | 0-0: Ball 1-0: Called Strike 1-1: Ball 2-1: Ball 3-1: Swinging Strike 3-2: Foul Ball, location: 2F 3-2: Base on Balls | Batting: LHB Enrique Cruz | 0-0: Called Strike 0-1: Foul Ball, location: 2F 0-2: Strikes out swinging | Batting: RHB Darwin Crane | 0-0: SINGLE (Groundball, 56S) (infield hit) Si-xun Li to second | Batting: RHB António Aguilar | 0-0: Called Strike Si-xun Li steals 3rd base Darwin Crane to second 0-1: Foul Ball, location: 2F 0-2: Foul Ball, location: 2F 0-2: Ball 1-2: Strikes out swinging | Batting: RHB Miguel Costa | 0-0: SINGLE (Groundball, 4MD) Si-xun Li scores Darwin Crane to third Runner from 3rd tries for Home, SAFE, no throw | Batting: SHB Walton Locke | 0-0: Ball 1-0: Ball 2-0: Foul Ball, location: 2F 2-1: Fly out, F8 (Flyball, 8RM) | Top of the 4th over - 2 runs, 2 hits, 0 errors, 1 left on base; Beaumont 2 - Wichita 1 | BOTTOM OF THE 4TH |
---|
Wichita Wranglers batting - Pitching for Beaumont Roughnecks : LHP Manuel Santiago | Batting: RHB Jorge Barbosa | 0-0: Foul Ball, location: 2F 0-1: Foul Ball, location: 2F 0-2: Foul Ball, location: 2F 0-2: Ball 1-2: Foul Ball, location: 2F 1-2: Foul Ball, location: 2F 1-2: Foul Ball, location: 2F 1-2: Ball 2-2: SINGLE (Groundball, 6MD) | Batting: LHB Milo Powers | 0-0: Ball 1-0: SINGLE (Line Drive, 9LS) Jorge Barbosa to second | Batting: RHB José López | 0-0: Reached on error, E3 (Groundball, 2R) Jorge Barbosa to third Milo Powers to second | Batting: LHB Glenn Williamson | 0-0: Called Strike 0-1: Called Strike 0-2: Ball 1-2: SINGLE (Groundball, 4MS) (infield hit) Jorge Barbosa scores Milo Powers to third José López to second | Batting: RHB Stan Taylor | 0-0: SINGLE (Groundball, 56D) Milo Powers scores José López to third Glenn Williamson to second | Batting: RHB Hubert MacDonald | 0-0: Ball 1-0: SINGLE (Flyball, 89M) José López scores Glenn Williamson to third Stan Taylor to second | Batting: SHB Lewis Woods | 0-0: Ball 1-0: Swinging Strike 1-1: Foul Ball, location: 2F 1-2: Foul Ball, location: 2F 1-2: Strikes out looking | Batting: RHB Travis Ezell | 0-0: Called Strike 0-1: Foul Ball, location: 2F 0-2: SINGLE (Groundball, 6MS) (infield hit) Glenn Williamson scores Stan Taylor to third Hubert MacDonald to second | Batting: LHB Dudley Cooper | 0-0: Called Strike 0-1: Grounds into double play, 6-4-3 (Groundball, 6M) | Bottom of the 4th over - 4 runs, 6 hits, 1 error, 2 left on base; Beaumont 2 - Wichita 5 | TOP OF THE 5TH |
---|
Beaumont Roughnecks batting - Pitching for Wichita Wranglers : LHP António Ruíz | Batting: RHB John James | 0-0: Called Strike 0-1: Ball 1-1: Called Strike 1-2: Ball 2-2: Foul Ball, location: 2F 2-2: SINGLE (Flyball, 9S) | Batting: RHB Michael Kent | 0-0: Called Strike John James steals 2nd base 0-1: Foul Ball, location: 2F 0-2: SINGLE (Groundball, 6MD) John James to third Runner from 3rd tries for Home, SAFE, throw made home Michael Kent to second | Batting: RHB Roger Rush | 0-0: Called Strike 0-1: Swinging Strike 0-2: Ball 1-2: Fly out, F4 (Line Drive, 4) | Batting: RHB Si-xun Li | 0-0: Ball 1-0: Foul Ball, location: 2F 1-1: Ball 2-1: SINGLE (Flyball, 78M) Michael Kent to third | Batting: LHB Enrique Cruz | 0-0: Ball 1-0: Ball 2-0: Ball 3-0: Called Strike 3-1: Foul Ball, location: 2F 3-2: Ground out 6-3 (Groundball, 6M) Michael Kent scores Si-xun Li to second | Batting: RHB Darwin Crane | 0-0: Ball 1-0: Ball 2-0: Ball 3-0: Called Strike 3-1: Foul Ball, location: 2F 3-2: Base on Balls | Batting: RHB António Aguilar | 0-0: Called Strike 0-1: Called Strike 0-2: DOUBLE (Line Drive, 9LD) Si-xun Li scores Darwin Crane to third Runner from 3rd tries for Home, SAFE, no throw | Batting: RHB Miguel Costa | 0-0: Called Strike 0-1: Ball 1-1: Ball 2-1: Swinging Strike 2-2: Ball 3-2: Strikes out swinging | Top of the 5th over - 4 runs, 4 hits, 0 errors, 1 left on base; Beaumont 6 - Wichita 5 | BOTTOM OF THE 5TH |
---|
Wichita Wranglers batting - Pitching for Beaumont Roughnecks : LHP Manuel Santiago | Pitching: RHP Enrique Paredes | | Batting: RHB Jorge Barbosa | 0-0: Called Strike 0-1: SINGLE (Groundball, 6MD) | Batting: LHB Milo Powers | 0-0: Foul Ball, location: 2F 0-1: Swinging Strike 0-2: Fly out, F6 (Popup, 6MS) | Batting: RHB José López | 0-0: Called Strike 0-1: Fly out, F9 (Flyball, 9S) | Batting: LHB Glenn Williamson | 0-0: Ground out U3 (Groundball, 3L) | Bottom of the 5th over - 0 runs, 1 hit, 0 errors, 1 left on base; Beaumont 6 - Wichita 5 | TOP OF THE 6TH |
---|
Beaumont Roughnecks batting - Pitching for Wichita Wranglers : LHP António Ruíz | Pitching: RHP John Brock | | Batting: SHB Walton Locke | 0-0: Called Strike 0-1: Called Strike 0-2: Ball 1-2: Strikes out swinging | Batting: RHB John James | 0-0: Ball 1-0: Swinging Strike 1-1: Fly out, F8 (Line Drive, 8LM) | Batting: RHB Michael Kent | 0-0: Called Strike 0-1: Ball 1-1: Ground out 4-3 (Groundball, 4) | Top of the 6th over - 0 runs, 0 hits, 0 errors, 0 left on base; Beaumont 6 - Wichita 5 | BOTTOM OF THE 6TH |
---|
Wichita Wranglers batting - Pitching for Beaumont Roughnecks : RHP Enrique Paredes | Batting: RHB Stan Taylor | 0-0: Ball 1-0: Swinging Strike 1-1: Ball 2-1: Foul Ball, location: 2F 2-2: Ball 3-2: Strikes out looking | Batting: RHB Hubert MacDonald | 0-0: Swinging Strike 0-1: Ball 1-1: Foul Ball, location: 2F 1-2: Foul Ball, location: 2F 1-2: Foul Ball, location: 2F 1-2: Ball 2-2: Ball 3-2: Ground out 6-3 (Groundball, 6) | Batting: SHB Lewis Woods | 0-0: Called Strike 0-1: Foul Ball, location: 2F 0-2: Ball 1-2: Foul Ball, location: 2F 1-2: Ground out 6-3 (Groundball, 6) | Bottom of the 6th over - 0 runs, 0 hits, 0 errors, 0 left on base; Beaumont 6 - Wichita 5 | TOP OF THE 7TH |
---|
Beaumont Roughnecks batting - Pitching for Wichita Wranglers : RHP John Brock | Batting: RHB Roger Rush | 0-0: Ball 1-0: Fly out, F9 (Flyball, 9S) | Batting: RHB Si-xun Li | 0-0: Foul Ball, location: 2F 0-1: Foul Ball, location: 2F 0-2: Strikes out looking | Batting: LHB Enrique Cruz | 0-0: Ball 1-0: Ball 2-0: Ball 3-0: Called Strike 3-1: Base on Balls | Batting: RHB Darwin Crane | 0-0: Ball 1-0: Called Strike 1-1: Foul Ball, location: 2F 1-2: Ball 2-2: Foul Ball, location: 2F 2-2: Fly out, F8 (Flyball, 8RD) | Top of the 7th over - 0 runs, 0 hits, 0 errors, 1 left on base; Beaumont 6 - Wichita 5 | BOTTOM OF THE 7TH |
---|
Wichita Wranglers batting - Pitching for Beaumont Roughnecks : RHP Enrique Paredes | Batting: RHB Travis Ezell | 0-0: Swinging Strike 0-1: Hit by Pitch | Batting: LHB Dudley Cooper | 0-0: Called Strike 0-1: Ball 1-1: Ball 2-1: Sac Bunt - play at first, batter OUT! 5-4 Travis Ezell to second | Batting: RHB Jorge Barbosa | 0-0: Hit by Pitch | Batting: LHB Milo Powers | 0-0: Foul Ball, location: 2F 0-1: SINGLE (Groundball, 56D) Travis Ezell to third Jorge Barbosa to second Runner from 3rd tries for Home, SAFE, throw made home | Pinch Hitting: LHB Al Miller | 0-0: Ball 1-0: Swinging Strike 1-1: Ball 2-1: Swinging Strike 2-2: Ball 3-2: Foul Ball, location: 2F 3-2: Strikes out looking | Batting: LHB Glenn Williamson | 0-0: Ball 1-0: Called Strike 1-1: Ball 2-1: Foul Ball, location: 2F 2-2: Foul Ball, location: 2F 2-2: Strikes out swinging | Bottom of the 7th over - 1 run, 1 hit, 0 errors, 2 left on base; Beaumont 6 - Wichita 6 | TOP OF THE 8TH |
---|
Beaumont Roughnecks batting - Pitching for Wichita Wranglers : RHP John Brock | Now at SS: Juan Glaviz | | Batting: RHB António Aguilar | 0-0: Called Strike 0-1: Swinging Strike 0-2: Ball 1-2: Ball 2-2: Foul Ball, location: 2F 2-2: Ground out U3 (Groundball, 3S) | Batting: RHB Miguel Costa | 0-0: Foul Ball, location: 2F 0-1: Ball 1-1: Ball 2-1: Foul Ball, location: 2F 2-2: Ball 3-2: Foul Ball, location: 2F 3-2: Strikes out swinging | Batting: SHB Walton Locke | 0-0: Swinging Strike 0-1: Ball 1-1: Ball 2-1: Called Strike 2-2: Foul Ball, location: 2F 2-2: Fly out, F8 (Flyball, 8RXD) | Top of the 8th over - 0 runs, 0 hits, 0 errors, 0 left on base; Beaumont 6 - Wichita 6 | BOTTOM OF THE 8TH |
---|
Wichita Wranglers batting - Pitching for Beaumont Roughnecks : RHP Enrique Paredes | Pitching: RHP César Sánchez | | Batting: RHB Stan Taylor | 0-0: Ball 1-0: Fly out, F8 (Flyball, 89D) | Batting: RHB Hubert MacDonald | 0-0: Foul Ball, location: 2F 0-1: Ball 1-1: SINGLE (Groundball, 3) (infield hit) | Batting: SHB Lewis Woods | 0-0: Grounds into double play, 6-4-3 (Groundball, 6) | Bottom of the 8th over - 0 runs, 1 hit, 0 errors, 0 left on base; Beaumont 6 - Wichita 6 | TOP OF THE 9TH |
---|
Beaumont Roughnecks batting - Pitching for Wichita Wranglers : RHP John Brock | Pitching: RHP Javier Pacheco | | Batting: RHB John James | 0-0: Called Strike 0-1: Ball 1-1: Swinging Strike 1-2: Foul Ball, location: 2F 1-2: Strikes out swinging | Batting: RHB Michael Kent | 0-0: DOUBLE (Line Drive, 9LM) | Batting: RHB Roger Rush | 0-0: Intentional Walk | Pinch Runner at 2nd Jeff Mason: | | Batting: RHB Si-xun Li | 0-0: Foul Ball, location: 2F 0-1: Swinging Strike 0-2: Ball 1-2: Ball 2-2: Fly out, F8 (Flyball, 89M) Runner from 2nd tags up, SAFE at 3rd with throw | Batting: LHB Enrique Cruz | 0-0: SINGLE (Groundball, 34D) Jeff Mason scores Roger Rush to second Runner from 2nd tries for 3rd, SAFE, throw made to third | Batting: RHB Darwin Crane | 0-0: Called Strike 0-1: Fielders Choice at 2nd, 6-4 (Groundball, 6) | Top of the 9th over - 1 run, 2 hits, 0 errors, 2 left on base; Beaumont 7 - Wichita 6 | BOTTOM OF THE 9TH |
---|
Wichita Wranglers batting - Pitching for Beaumont Roughnecks : RHP César Sánchez | Now at 1B: Jeff Mason | | Batting: RHB Travis Ezell | 0-0: Called Strike 0-1: Ground out 5-3 (Groundball, 56S) | Batting: LHB Dudley Cooper | 0-0: Called Strike 0-1: SINGLE (Flyball, 9LS) | Batting: RHB Jorge Barbosa | 0-0: SINGLE (Line Drive, 7LM) Dudley Cooper to second | Batting: LHB Milo Powers | 0-0: Called Strike 0-1: Swinging Strike 0-2: Strikes out swinging | Batting: SHB Juan Glaviz | 0-0: Called Strike 0-1: Foul Ball, location: 2F 0-2: Foul Ball, location: 2F 0-2: Strikes out swinging | Bottom of the 9th over - 0 runs, 2 hits, 0 errors, 2 left on base; Beaumont 7 - Wichita 6 | |